AoeStats
← Runxi24

Arena

507927643Analyzed
3v3 RM · 12d ago on Sep 20, 2026· 43m 41s· 6 players
Game mode
Random Map
Map size
Normal (6 player)
Population
200
Speed
Normal
Resources
Standard
Victory
Conquest
Starting age
Dark Age
Ending age
Imperial Age
RankedLock teamsTeams togetherTeam positionsShared explorationLock speedFull tech treeHidden civsTurbo modeCheats
Victory
Defeat
🇨🇴 Turks · Colombia
1102
+19
🇨🇴 Malians · Colombia
1091
+19
🇨🇴 Slavs · Colombia
1085
+19
🇪🇸 Bohemians · Spain
1212
-21
🇪🇸 Franks · Spain
1160
-19
🇨🇦 Poles · Canada
1099
-17
LokillO!
11:18 Feudal Age
15:18 Castle Age
13:14 Double-Bit Axe
13:41 Stone Mining
14:47 Gold Mining
15:52 Loom
18:15 Town Watch
21:39 Fletching
21:59 Forging
23:08 Bodkin Arrow
24:22 Wheelbarrow
24:55 Ballistics
25:29 Gold Shaft Mining
26:41 Bow Saw
28:50 Hand Cart
28:37 Town Watch
32:08 Imperial Age
30:03 Scale Barding Armor
31:05 Iron Casting
31:14 Husbandry
31:36 Chain Barding Armor
31:42 Devotion
32:18 Town Patrol
34:21 Cavalier
35:37 Plate Barding Armor
37:06 Conscription
38:15 Hoardings
Runxi24
10:41 Feudal Age
14:43 Castle Age
12:52 Double-Bit Axe
27:26 Fletching
31:48 Horse Collar
Rugs
11:03 Feudal Age
11:49 Double-Bit Axe
16:51 Castle Age
14:36 Horse Collar
16:11 Bloodlines
17:58 Heavy Plow
18:13 Bow Saw
23:28 Scale Barding Armor
23:33 Forging
24:27 Wheelbarrow
24:31 Chain Barding Armor
23:33 Light Cavalry
25:43 Husbandry
26:22 Iron Casting
32:40 Imperial Age
34:30 Blast Furnace
32:54 Winged Hussar
33:10 Capped Ram
35:15 Crop Rotation
35:13 Lechitic Legacy
SG7
1:23 Loom
10:13 Feudal Age
9:23 Loom
15:03 Castle Age
28:18 Imperial Age
26:19 Padded Archer Armor
26:48 Fletching
28:01 Bloodlines
28:02 Scale Barding Armor
28:13 Forging
27:58 Bodkin Arrow
29:19 Chain Barding Armor
37:20 Wheelbarrow
36:59 Double-Bit Axe
37:09 Gold Mining
37:01 Horse Collar
38:29 Hand Cart
37:59 Town Watch
38:35 Bow Saw
44:09 Husbandry
43:33 Heavy Camel Rider
SARG
10:10 Feudal Age
12:54 Loom
13:00 Horse Collar
13:09 Double-Bit Axe
15:56 Castle Age
14:29 Stone Mining
17:21 Bow Saw
20:47 Fletching
22:39 Wheelbarrow
24:58 Gold Mining
25:24 Bodkin Arrow
26:15 Hand Cart
26:51 Detinets
31:05 Imperial Age
29:36 Scale Barding Armor
29:42 Forging
29:55 Fortified Wall
29:42 Murder Holes
30:56 Chain Barding Armor
31:04 Masonry
32:25 Iron Casting
33:33 Conscription
33:31 Bloodlines
33:21 Husbandry
34:58 Chemistry
34:58 Hoardings
34:36 Pikeman
35:16 Squires
35:19 Scale Mail Armor
36:19 Blast Furnace
36:13 Halberdier
39:07 Druzhina
41:07 Chain Mail Armor
41:28 Plate Barding Armor
42:13 Gold Shaft Mining
41:42 Heavy Plow
42:50 Two-Man Saw
TEFI*
12:00 Feudal Age
10:40 Loom
16:25 Castle Age
15:16 Forging
15:52 Scale Mail Armor
16:12 Stone Mining
20:46 Gold Mining
26:51 Fletching
27:02 Padded Archer Armor
27:07 Squires
28:23 Wheelbarrow
30:33 Iron Casting
29:57 Bodkin Arrow
30:39 Hand Cart
31:06 Murder Holes
31:33 Ballistics
31:51 Chain Mail Armor
32:12 Padded Archer Armor
32:02 Arson
36:12 Imperial Age
37:55 Chemistry
37:29 Plate Mail Armor
37:15 Leather Archer Armor
37:57 Elite Gbeto
Connection lost

Rejoining the realm…

Still unreachable

The connection could not be restored.

Session expired

The server has moved on; the page needs a fresh start.